 Dungeon Crawl Stone Soup version 0.31-a0-1603-gbec6b6ccbf (webtiles) character file.

Game seed: 18071910758752204821

5649 jasper the Grappler (level 10, -1/98 HPs)
             Began as a Troll Cinder Acolyte on Jan 7, 2024.
             Was an Elder of Ignis.
             Slain by Maurice
             ... wielding a +0 dagger
              (6 damage)
             ... on level 8 of the Dungeon.
             The game lasted 00:08:41 (6155 turns).

jasper the Grappler (Troll Cinder Acolyte)          Turns: 6155, Time: 00:08:41

Health: -1/98      AC:  4    Str: 24    XL:     10   Next: 46%
Magic:  0/10       EV: 11    Int: 10    God:    Ignis [****..]
Gold:   0          SH:  0    Dex:  9    Spells: 11/11 levels left

rFire   + .          .
                       - Unarmed
rCold   . . .        (no shield)
rNeg    . . .        a - +0 robe
rPois   .            (helmet currently unavailable)
rElec   .            d - melded +1 cloak
rCorr   .            (gloves unavailable)
SInv    .            (boots unavailable)
Will    .....        (no amulet)
Stlth   +            (no ring)
HPRegen 1.16/turn    (no ring)
MPRegen 0.12/turn

%: no passive effects
@: beast-form
A: beast (slay +4), large, unfitting armour, claws 3, regeneration 1, shaggy fur
1, tough skin 1
a: Begin Untransformation, Renounce Religion, Fiery Armour, Foxfire Swarm,
Rising Flame


You were on level 8 of the Dungeon.
You worshipped Ignis.
Ignis was greatly pleased with you.
You were a hulking beast.
You visited 1 branch of the dungeon, and saw 8 of its levels.

Inventory:

Missiles
 b - 2 javelins (quivered)
 x - 2 throwing nets
 y - 7 poisoned darts
Armour
 a - a +0 robe (worn)
 d - a +1 cloak (melded)
 n - a +0 cloak
 B - a +2 cloak
Jewellery
 A - a ring of flight
Wands
 w - a wand of flame (38)
Scrolls
 c - 4 scrolls of enchant weapon
 i - 2 scrolls of poison
 s - a scroll of teleportation
 u - a scroll of enchant armour
 v - 2 scrolls of blinking
 z - a scroll of amnesia
Potions
 e - 5 potions of brilliance
 f - a potion of haste
 g - 2 potions of resistance
 h - a potion of ambrosia
 j - a potion of berserk rage
 k - a potion of mutation
 l - 2 potions of magic
 m - 2 potions of heal wounds {unknown}
 o - a potion of lignification {unknown}
 p - a potion of invisibility {unknown}
 t - 2 potions of attraction {unknown}


   Skills:
 + Level 6.2 Fighting
 + Level 5.5 Dodging
 * Level 10.2 Unarmed Combat
 - Level 1.0 Spellcasting
 - Level 2.1 Fire Magic
 - Level 7.0 Shapeshifting


You had 11 spell levels left.
You didn't know any spells.
Your spell library contained the following spells:

 Spells                   Type           Power      Damage    Failure   Level
 Scorch                   Fire           8%         2d5       22%         2
 Apportation              Tloc           0%         N/A       34%         1
 Necrotise                Necr           0%         1d4       34%         1
 Sting                    Conj/Alch      0%         1d3       34%         1
 Summon Small Mammal      Summ           0%         N/A       34%         1
 Hailstorm                Conj/Ice       0%         3d5       71%         3
 Summon Ice Beast         Ice/Summ       0%         N/A       71%         3
 Sculpt Simulacrum        Ice/Alch       0%         N/A       100%        6


Dungeon Overview and Level Annotations

Branches:
Dungeon (8/15)             Temple (0/1) D:5
   Lair: D:8-11

Altars:
Fedhas
Kikubaaqudgha
Okawaru
Qazlal
Ru
Trog
Xom
Yredelemnul

Annotations:
D:8 Maurice


Innate Abilities, Weirdness & Mutations

You are a hulking beast.
Your limbs bulge with bestial killing power. (Slay +4)
You are too large for most types of armour.
You have claws for hands.
Your natural rate of healing is unusually fast.
You are covered in fur. (AC +1)
You have tough skin. (AC +1)


Message History

You swing at nothing.
Maurice mumbles some strange words.
Maurice flickers and vanishes!
Deactivating autopickup; reactivate with Ctrl-A.
You mangle the yak!! You claw the yak.
You kill the yak!
You mangle the yak!!
The yak is heavily wounded.
The yak barely misses you.
You mangle the yak!!
You kill the yak!
You hear a zap.
The roots erupt in riotous growth!
The grasping roots grab you!
You are constricted.
You swing at nothing.
You swing at nothing.
Something hits you. Something steals your ring of ice! Something bites you.
You feel your power leaking away. Something drains your magic.
You are constricted!
You swing at nothing.
Something hits you but does no damage. Something bites you.
You feel your power leaking away. Something drains your magic.
You are constricted.
* * * LOW HITPOINT WARNING * * *
The grasping roots release their grip on you.
You swing at nothing.
Something hits you!
* * * LOW HITPOINT WARNING * * *
Something steals your beast talisman! Something bites you.
* * * LOW HITPOINT WARNING * * *
You feel your power leaking away. Something drains your magic.
You swing at nothing.
Something hits you!
* * * LOW HITPOINT WARNING * * *
Something steals 499 gold pieces!
You now have 0 gold pieces.
Something bites you.
* * * LOW HITPOINT WARNING * * *
Something drains your magic.
You swing at nothing.
Something hits you.
You die...

... #.# ### ### #.# #.. ..# #.#
#.# #.# #.# #Y#.###?# #.# #.# #
.. YY.YY...# #>###.###### .# #†#
#........... #..#
#h#####.###.####.# ..# #{).....#
#.# #.# ..# ####.######.# #.. ##
..# #####........#####. .###.#
#..................
.....##########.################.
.##...........#.# #. ###..######
#.#.# #. # #..# #.#.# #.


There were no monsters in sight!

Vanquished Creatures
  Erica (D:8)
  Pikel (D:5)
  Grinder (D:5)
  Prince Ribbit (D:5)
  6 yaks (D:8)
  A wyvern (D:8)
  A human (D:5)
  Grum (D:8)
  2 water moccasins
  An ice beast (D:7)
  An orc warrior (D:8)
  A sky beast (D:8)
  2 black bears
  3 wolves
  3 centaurs
  2 phantoms
  A lemure (D:5)
  2 kobold brigands
  A bullfrog (D:6)
  3 scorpions (D:6)
  4 wights
  6 killer bees (D:8)
  2 bombardier beetles
  2 hounds
  Crazy Yiuf (D:3)
  3 gnoll boudas
  7 orc priests
  A jelly (D:5)
  5 orc wizards
  Jessica (D:3)
  An iguana (D:5)
  2 adders (D:3)
  16 gnolls
  3 shadow imps
  2 white imps
  4 ufetubi
  2 ribbon worms (D:2)
  5 dart slugs
  29 orcs
  9 endoplasms
  5 goblins
  6 hobgoblins
  2 jackals (D:2)
  13 kobolds
  4 quokkas
  3 ball pythons
  4 bats
  5 frilled lizards
  A jackal zombie (D:5)
  A kobold skeleton (D:5)
  A rat (D:1)
185 creatures vanquished.

Notes
Turn   | Place    | Note
-------+----------+-------------------------------------------
     0 | D:1      | jasper the Troll Cinder Acolyte began the quest for the
                  | Orb.
     0 | D:1      | Reached XP level 1. HP: 22/22 MP: 1/1
   224 | D:1      | Reached XP level 2. HP: 29/29 MP: 2/2
   782 | D:2      | Reached XP level 3. HP: 36/36 MP: 3/3
  1009 | D:2      | Reached skill level 1 in Dodging
  1017 | D:2      | Reached skill level 4 in Unarmed Combat
  1024 | D:2      | Reached XP level 4. HP: 8/44 MP: 4/4
  1316 | D:2      | Found an ancient bone altar of Kikubaaqudgha.
  1872 | D:3      | Reached XP level 5. HP: 29/53 MP: 5/5
  1950 | D:3      | Found a bloodstained altar of Trog.
  2224 | D:3      | Noticed Jessica
  2228 | D:3      | Killed Jessica
  2229 | D:3      | Reached skill level 5 in Unarmed Combat
  2301 | D:3      | Found a runed translucent door.
  2302 | D:3      | Noticed Crazy Yiuf
  2314 | D:3      | Killed Crazy Yiuf
  2373 | D:4      | Reached XP level 6. HP: 12/61 MP: 6/6
  3033 | D:5      | Entered Level 5 of the Dungeon
  3167 | D:5      | Reached skill level 6 in Unarmed Combat
  3179 | D:5      | Reached XP level 7. HP: 19/68 MP: 7/7
  3249 | D:5      | Found a staircase to the Ecumenical Temple.
  3284 | D:5      | Noticed Grinder
  3296 | D:5      | Paralysed by Grinder for 4 turns
  3306 | D:5      | Killed Grinder
  3336 | D:5      | Found a shimmering altar of Xom.
  3395 | D:5      | Reached skill level 7 in Unarmed Combat
  3451 | D:5      | Reached XP level 8. HP: 79/79 MP: 8/8
  3594 | D:5      | Noticed Prince Ribbit
  3606 | D:5      | Killed Prince Ribbit
  3628 | D:5      | Noticed Pikel
  3646 | D:5      | Killed Pikel
  3647 | D:5      | Reached skill level 5 in Fighting
  3647 | D:5      | Reached skill level 8 in Unarmed Combat
  3765 | D:5      | Found a runed translucent door.
  3773 | D:5      | Found a basalt altar of Yredelemnul.
  4052 | D:6      | Found a stormy altar of Qazlal.
  4149 | D:6      | Reached XP level 9. HP: 87/88 MP: 9/9
  4330 | D:6      | Reached skill level 9 in Unarmed Combat
  4736 | D:6      | Found an iron altar of Okawaru.
  4819 | D:7      | Found a sacrificial altar of Ru.
  4838 | D:7      | Reached skill level 5 in Dodging
  4929 | D:7      | Found a blossoming altar of Fedhas.
  4994 | D:7      | Reached skill level 1 in Shapeshifting
  5353 | D:8      | Noticed Maurice
  5353 | D:8      | Noticed Erica
  5491 | D:8      | Noticed Grum
  5502 | D:8      | HP: 2/89 [wolf[Grum] (6)]
  5507 | D:7      | HP: 2/89 [wolf[Grum] (6)]
  5589 | D:8      | Killed Grum
  5594 | D:8      | Reached skill level 5 in Shapeshifting
  5828 | D:8      | Reached XP level 10. HP: 19/98 MP: 10/10
  5976 | D:8      | Killed Erica
  6144 | D:8      | Reached skill level 10 in Unarmed Combat
  6151 | D:8      | Something stole a ring of ice
  6153 | D:8      | Something stole a beast talisman
  6154 | D:8      | Something stole 499 gold
  6154 | D:8      | HP: 4/98 [something (1)]
  6155 | D:8      | Slain by Maurice

Illustrated notes

Levels and vault maps discovered:
D:1:      eino_arrival_water_star, layout_loops_cross
D:2:      layout_loops_corners, basic_altar, skrybe_limestone_x,
          lemuel_flame_loot_1
D:3:      layout_basic, trog_book, kennysheep_pointless_box, hex_tiny,
          kennysheep_flooded_box, minmay_misc_feat_iff,
          minmay_misc_feat_diagonals, kennysheep_generic_room_15,
          uniq_crazy_yiuf_cottage, uniq_jessica
D:4:      layout_loops_ring
D:5:      layout_rooms, kennysheep_mini_moat, dk_yredelemnul_ordeal,
          minmay_temple_entry_antechambers, uniq_grinder, uniq_prince_ribbit1,
          uniq_pikel
D:6:      layout_basic, mainiacjoe_overflow_six_doors_small,
          okawaru_metal_pillars_1_2, minmay_misc_feat_plants
D:7:      layout_basic, mainiacjoe_overflow_alcove_4, amcnicky_altar_gilded,
          serial_bayou_crossing
D:8:      layout_loops_ring, hangedman_abyss_or_decor_passed,
          nicolae_fountain_basement, uniq_maurice, uniq_erica, uniq_grum

Skill      XL: |  1  2  3  4  5  6  7  8  9 10 |
---------------+-------------------------------+-----
Dodging        | 1 2 3 4 5 |  5.5
Unarmed Combat | 4 5 6 7 8 9 10 | 10.2
Fighting       | 3 4 5 6 |  6.2
Shapeshifting  | 6 7 |  7.0
Spellcasting   | |  1.0
Fire Magic     | |  2.1

Action                     |  1- 3 |  4- 6 |  7- 9 | 10-12 || total
---------------------------+-------+-------+-------+-------++-------
  Melee: Unarmed           |    96 |   117 |   272 |    42 ||   527
         Punch             |     2 |     3 |    12 |     2 ||    19
  Throw: Javelin           |       |       |     2 |       ||     2
 Invoke: Fiery Armour      |     1 |     1 |     1 |     1 ||     4
    Use: Scroll            |     4 |     6 |     7 |       ||    17
 Armour: Robe              |    61 |    94 |   201 |    25 ||   381
  Dodge: Dodged            |    42 |    78 |   144 |     9 ||   273
   Form: Beast             |       |       |     1 |       ||     1

Table legend: (Time is in decaauts)
 A = Elapsed time spent in this place.
 B = Non-inter-level travel time spent in this place.
 C = Inter-level travel time spent in this place.
 D = Time resting spent in this place.
 E = Time spent auto-exploring this place.
 F = Levels seen in this place.
 G = Mean time per level.
                   A        B        C        D        E       F      G
               +--------+--------+--------+--------+--------+-----+--------+
         Total |   6098 |   5836 |    262 |    230 |   4233 |   8 |  762.2 |
       Dungeon |   6098 |   5836 |    262 |    230 |   4233 |   8 |  762.2 |
               +--------+--------+--------+--------+--------+-----+--------+

Top non-repeatable levels by time:
     D:2: 962 daAuts
     D:6: 930 daAuts
     D:1: 756 daAuts
     D:4: 751 daAuts
     D:5: 745 daAuts
     D:7: 689 daAuts
     D:3: 635 daAuts
     D:8: 627 daAuts
